 Dungeon Crawl Stone Soup version 0.19.4-12-gccf7e64 (webtiles) character file.

72 nikopol the Skirmisher (level 4, -2/29 HPs)
             Began as a Gargoyle Berserker on Feb 27, 2017.
             Was a Believer of Trog.
             Slain by Sigmund
             ... wielding a +0 scythe
              (5 damage)
             ... on level 2 of the Dungeon.
             The game lasted 00:02:26 (1291 turns).

nikopol the Skirmisher (Gargoyle Berserker)         Turns: 1291, Time: 00:02:26

Health: -2/29      AC:  6    Str: 20    XL:     4   Next: 26%
Magic:  4/4        EV: 12    Int:  8    God:    Trog [**....]
Gold:   134        SH:  0    Dex: 10    Spells: 0 memorised, 3 levels left

rFire  . . .     SeeInvis .     a - +0 mace
rCold  . . .     Gourm    .     b - +0 animal skin
rNeg   + . .     Faith    .     (no shield)
rPois  ∞         Spirit   .     (no helmet)
rElec  +         Reflect  .     (no cloak)
rCorr  .         Harm     .     g - +0 pair of gloves
MR     .....                    (no boots)
Stlth  +.........               (no amulet)
                                (no ring)
                                (no ring)

@: no status effects
A: negative energy resistance 1, electricity resistance, unbreathing,
petrification resistance, rot immunity, AC +3
a: Berserk, Trog's Hand, Burn Spellbooks, Renounce Religion


You were on level 2 of the Dungeon.
You worshipped Trog.
Trog was pleased with you.
You were not hungry.

You visited 1 branch of the dungeon, and saw 2 of its levels.

You collected 134 gold pieces.

Inventory:

Hand Weapons
 a - a +0 mace (weapon)
Armour
 b - a +0 animal skin (worn)
 g - a +0 pair of gloves (worn)
Scrolls
 d - a scroll of remove curse {unknown}
 e - a scroll of fog {unknown}
 h - a scroll of teleportation {unknown}
 i - 3 scrolls of immolation {unknown}
 l - 2 scrolls of identify {unknown}
 p - a scroll of enchant weapon {unknown}
Potions
 k - 2 potions of agility {unknown}
 n - a potion of might {unknown}
 o - 2 potions of resistance {unknown}
Comestibles
 c - a bread ration
 f - a beef jerky
 j - 2 chunks of flesh
 m - a royal jelly


   Skills:
 + Level 4.0 Fighting
 + Level 3.4 Maces & Flails
 + Level 2.9 Armour
 + Level 2.3 Dodging


You had 3 spell levels left.
You didn't know any spells.

Dungeon Overview and Level Annotations

Branches:
Dungeon (2/15)

Altars:
Dithmenos

Annotations:
D:2 Sigmund


Innate Abilities, Weirdness & Mutations

You are resistant to torment.
Your stone body is resilient. (AC +3)
You are immune to poison.
You resist negative energy. (rN+)
You are resistant to electric shocks. (rElec)
You can survive without breathing.
You are immune to petrification.
You are immune to rotting.


Message History

You kill the bat!
Trog accepts your kill.
No target in view!
No target in view!
No target in view!
No target in view!
No target in view!
No target in view!
No target in view!
No target in view!
No target in view!
No target in view!
No target in view!
No target in view!
No target in view!
No target in view!
Something hits you!
* * * LOW HITPOINT WARNING * * *
Something hits you.
You die...

.#.####.# #.##.#...
.#......# #.......#
..##########......# ..#
#........# # ..#
##.#.#.#..#####.# .)#
.................
..###### #.......)....#
.......#.# #............#
.........#.##.#.@.......#
.......###..............#
†.###### ####.###.......#
..# ##.# #.....$.# ..#
#..########### ..#
#.#.......# ..#
#.#.#####.# .########
#.#.#####.# ........#
#....()##.#


There were no monsters in sight!

Vanquished Creatures
  2 adders (D:2)
  2 oozes (D:1)
  A worm (D:2)
  2 dart slugs (D:1)
  A leopard gecko (D:1)
  4 giant cockroaches
  4 goblins
  3 hobgoblins (D:1)
  A jackal (D:2)
  5 kobolds
  2 ball pythons (D:1)
  5 bats
  5 frilled lizards (D:1)
  4 rats
41 creatures vanquished.

Notes
Turn   | Place    | Note
-------+----------+-------------------------------------------
     0 | D:1      | nikopol the Gargoyle Berserker began the quest for the Orb.
     0 | D:1      | Reached XP level 1. HP: 14/14 MP: 1/1
   195 | D:1      | Reached XP level 2. HP: 9/19 MP: 2/2
   920 | D:1      | Reached XP level 3. HP: 23/23 MP: 3/3
   946 | D:1      | Reached ** piety under Trog
  1172 | D:2      | Reached XP level 4. HP: 28/29 MP: 4/4
  1210 | D:2      | Found a shadowy altar of Dithmenos.
  1278 | D:2      | Noticed Sigmund
  1280 | D:2      | Reached skill level 4 in Fighting
  1291 | D:2      | Slain by Sigmund

Skill      XL: |  1  2  3  4 |
---------------+-------------+-----
Dodging        | 2 |  2.3
Fighting       | 4 |  4.0
Maces & Flails | |  3.4
Armour         | |  2.9

Action                   |  1- 3 |  4- 6 || total
-------------------------+-------+-------++-------
Melee: Mace              |   137 |    18 ||   155
  Eat: Chunk             |     1 |     1 ||     2
Armor: Animal skin       |    81 |     8 ||    89
Dodge: Dodged            |   115 |    23 ||   138
